 Dungeon Crawl Stone Soup version 0.20.1-1-g8b1a95d (webtiles) character file.

3575 vineage the Severer (level 9, -10/70 HPs)
             Began as a Minotaur Fighter on Nov 4, 2017.
             Mangled by an orc warrior
             ... wielding a +0 glaive
              (12 damage)
             ... on level 8 of the Dungeon.
             The game lasted 00:12:36 (6261 turns).

vineage the Severer (Minotaur Fighter)              Turns: 6261, Time: 00:12:37

Health: -10/70     AC: 13    Str: 23    XL:     9   Next: 84%
Magic:  8/8        EV:  6    Int:  3    God:
Gold:   449        SH:  9    Dex: 11    Spells: 8/8 levels left

rFire    . . .     SeeInvis .   a - +1 war axe
rCold    + . .     Gourm    .   c - +0 shield
rNeg     . . .     Faith    .   d - +0 plate armour
rPois    .         Spirit   .   (helmet unavailable)
rElec    .         Reflect  .   (no cloak)
rCorr    .         Harm     .   m - +1 pair of gloves
MR       .....                  (no boots)
Stlth    ..........             (no amulet)
Regen    0.3/turn               A - ring of protection from cold
MPRegen  0.2/turn               (no ring)

@: no status effects
A: retaliatory headbutt, horns 3, talons 1, repulsion field 1, dopey 1,
MP-powered wands
a: no special abilities


You were on level 8 of the Dungeon.
You were hungry.

You visited 2 branches of the dungeon, and saw 9 of its levels.

You collected 449 gold pieces.

Inventory:

Hand Weapons
 a - a +1 war axe (weapon)
 G - a +3 scimitar of flaming
Armour
 b - a +0 scale mail
 c - a +0 shield (worn)
 d - a +0 plate armour (worn)
 m - a +1 pair of gloves (worn)
 C - the +0 chain mail "Natz" {rN++ MR++ Str-5}
   (You found it on level 4 of the Dungeon)

   It affects your strength (-5).
   It greatly protects you from negative energy.
   It affects your resistance to hostile enchantments.
Jewellery
 A - a ring of protection from cold (left hand)
 L - a +2 amulet of reflection {unknown}
Wands
 w - a wand of iceblast (10/15)
 y - a wand of disintegration (5/24)
 D - a wand of polymorph (8/24)
 F - a wand of lightning (1/15)
 M - a wand of enslavement (13/24)
 O - a wand of polymorph (10/24)
 P - a wand of confusion (21/48)
Scrolls
 e - 2 scrolls of identify
 i - 7 scrolls of teleportation
 x - a scroll of recharging
 B - 2 scrolls of immolation
 E - 2 scrolls of remove curse
 K - 2 scrolls of random uselessness
Potions
 g - 2 potions of invisibility
 h - 2 potions of degeneration
 j - a potion of mutation
 l - a potion of haste
 o - 2 potions of might
 q - 2 potions of magic
 u - 2 potions of flight
 I - a potion of heal wounds {unknown}
Books
 r - a book of Geomancy

   Spells                             Type                      Level
   a - Sandblast                      Earth                        1
   b - Passwall                       Transmutation/Earth          2
   c - Stone Arrow                    Conjuration/Earth            3
   d - Petrify                        Transmutation/Earth          4
   e - Lee's Rapid Deconstruction     Earth                        5
 H - a book of Changes

   Spells                             Type                      Level
   a - Beastly Appendage              Transmutation                1
   b - Sticks to Snakes               Transmutation                2
   c - Spider Form                    Transmutation/Poison         3
   d - Ice Form                       Ice/Transmutation            4
   e - Blade Hands                    Transmutation                5
Comestibles
 f - 6 bread rations
 s - a fruit
 t - 4 royal jellies
 z - 3 meat rations


   Skills:
 - Level 3.6 Fighting
 + Level 15.9 Axes
 - Level 3.6 Armour
 - Level 3.6 Shields


You had 8 spell levels left.
You didn't know any spells.

Dungeon Overview and Level Annotations

Branches:
Dungeon (8/15)             Temple (1/1) D:5
   Lair: D:8-11

Altars:
Ashenzari
Cheibriados
Dithmenos
Elyvilon
Fedhas
Gozag
Hepliaklqana
Makhleb
Qazlal
Ru
Sif Muna
Trog
Uskayaw
Vehumet
Xom
Yredelemnul
Zin
The Shining One

Shops:
D:4 =   D:5 [


Innate Abilities, Weirdness & Mutations

You reflexively headbutt those who attack you in melee.
You have a pair of large horns on your head.
You have sharp toenails.
You are surrounded by a mild repulsion field. (EV +2)
You are dopey. (Int -2)
You expend magic power (3 MP) to strengthen your wands.


Message History

It was a potion of flight.
You feel very buoyant.
You fly up into the air.
The orc warrior hits you but does no damage.
It was a potion of lignification.
You turn into a tree.
Your +1 pair of gloves melds into your body.
Your +0 plate armour melds into your body.
Your roots penetrate the ground.
It was a potion of agility.
You feel agile all of a sudden. You block the orc warrior's attack.
It was a potion of cancellation.
Your magical effects are unravelling.
You feel magically purged.
You feel less wooden.
Your +1 pair of gloves unmelds from your body.
Your +0 plate armour unmelds from your body.
You feel a little less agile now. The orc warrior hits you with a glaive!
You die...

#.# ##.####
#.....# #.<##.#
#..# # # #..# #.
#..# ..#
#..####..# . #.#
#..)@)...# #
#(###..o####?#
#.. ........
.... ...
#..##... ##.)..
... #..##...
...8# ...###
#..##... ...+!
.....# #<.##.#.
...8
.....####..##.#.
...........#


You could see an orc warrior.

Vanquished Creatures
  Erica (D:8)
  An orc warrior (D:7)
  2 ice beasts
  3 black bears (D:7)
  2 sky beasts
  A phantom (D:5)
  4 ogres
  3 centaurs
  4 bullfrogs
  2 scorpions
  5 killer bees (D:7)
  The ghost of letownia2 the Grave Robber, a weakling DDNe (D:3)
  A bullfrog zombie (D:6)
  4 orc wizards
  4 orc priests
  3 hounds
  Jessica (D:2)
  3 bullfrog skeletons
  An iguana (D:5)
  7 worker ants
  A killer bee zombie (D:6)
  Robin (D:2)
  A howler monkey skeleton (D:4)
  8 adders
  4 gnolls (D:4)
  A shadow imp (D:7)
  An ooze (D:3)
  2 adder skeletons (D:4)
  An adder zombie (D:7)
  3 worms (D:2)
  3 dart slugs
  3 leopard geckos
  17 orcs
  6 giant cockroaches
  15 goblins
  15 hobgoblins
  4 jackals (D:4)
  8 kobolds
  4 quokkas
  6 bats
  5 frilled lizards
  4 rats
166 creatures vanquished.

Vanquished Creatures (others)
  An orc (D:7)
1 creature vanquished.

Grand Total: 167 creatures vanquished

Notes
Turn   | Place    | Note
-------+----------+-------------------------------------------
     0 | D:1      | vineage the Minotaur Fighter began the quest for the Orb.
     0 | D:1      | Reached XP level 1. HP: 19/19 MP: 0/0
   134 | D:1      | Reached skill level 3 in Axes
   207 | D:1      | Reached XP level 2. HP: 24/26 MP: 1/1
   546 | D:1      | Reached skill level 4 in Axes
   738 | D:2      | Noticed Jessica
   746 | D:2      | Reached XP level 3. HP: 31/31 MP: 2/2
   748 | D:2      | Killed Jessica
   748 | D:2      | Reached skill level 5 in Axes
  1011 | D:2      | Noticed Robin
  1023 | D:2      | Reached XP level 4. HP: 39/39 MP: 3/3
  1053 | D:2      | Killed Robin
  1274 | D:2      | Reached skill level 6 in Axes
  1617 | D:3      | Noticed letownia2's ghost (weakling DDNe)
  1628 | D:3      | Killed letownia2's ghost
  1628 | D:3      | Reached XP level 5. HP: 27/45 MP: 4/4
  2083 | D:3      | Reached skill level 7 in Axes
  2411 | D:4      | Found Bumn's Jewellery Shop.
  2430 | D:4      | Reached XP level 6. HP: 51/51 MP: 5/5
  2527 | D:4      | Reached skill level 8 in Axes
  2571 | D:4      | Found a shadowy altar of Dithmenos.
  2691 | D:4      | Reached skill level 9 in Axes
  2913 | D:4      | Reached XP level 7. HP: 57/57 MP: 6/6
  2976 | D:4      | Got a fine chain mail
  2987 | D:4      | Identified the cursed +0 chain mail "Natz" {rN++ MR++ Str-5} (You found it on level 4 of the Dungeon)
  3220 | D:4      | Reached skill level 10 in Axes
  3477 | D:5      | Entered Level 5 of the Dungeon
  3678 | D:5      | Reached skill level 11 in Axes
  3678 | D:5      | Reached XP level 8. HP: 55/64 MP: 7/7
  3684 | D:5      | Gained mutation: You evolve. [mutagenic meat]
  3685 | D:5      | Gained mutation: Armour fits poorly on your strangely shaped body. [mutagenic meat]
  3686 | D:5      | Lost mutation: Armour fits poorly on your strangely shaped body. [mutagenic meat]
  3812 | D:5      | Found Peogilut's Armour Emporium.
  3959 | D:5      | Found a staircase to the Ecumenical Temple.
  3968 | Temple   | Entered the Ecumenical Temple
  4038 | Temple   | Gained mutation: You are surrounded by a mild repulsion field. (EV +2) [evolution]
  4397 | D:6      | Reached skill level 12 in Axes
  4805 | D:7      | Reached skill level 13 in Axes
  5069 | D:7      | Reached XP level 9. HP: 55/70 MP: 8/8
  5147 | D:7      | Reached skill level 14 in Axes
  5735 | D:7      | Gained mutation: Your spells are a little harder to cast, but a little more powerful. [mutagenic meat]
  5736 | D:7      | Lost mutation: You evolve. [mutagenic meat]
  5737 | D:7      | Gained mutation: You evolve. [mutagenic meat]
  5738 | D:7      | Lost mutation: Your spells are a little harder to cast, but a little more powerful. [mutagenic meat]
  5739 | D:7      | Gained mutation: You are clumsy. (Dex -2) [mutagenic meat]
  5780 | D:7      | Reached skill level 15 in Axes
  5902 | D:8      | Found a white marble altar of Elyvilon.
  5912 | D:8      | Noticed Erica
  5937 | D:8      | Killed Erica
  6256 | D:8      | HP: 2/70 [orc warrior/glaive (19)]
  6257 | D:8      | Lost mutation: You evolve. [potion of mutation]
  6257 | D:8      | Lost mutation: You are clumsy. (Dex -2) [potion of mutation]
  6257 | D:8      | Gained mutation: You expend magic power (3 MP) to strengthen your wands. [potion of mutation]
  6257 | D:8      | Gained mutation: You have a pair of large horns on your head. [potion of mutation]
  6257 | D:8      | Gained mutation: You are dopey. (Int -2) [potion of mutation]
  6257 | D:8      | Gained mutation: You have sharp toenails. [potion of mutation]
  6261 | D:8      | Mangled by an orc warrior

Skill      XL: |  1  2  3  4  5  6  7  8  9 |
---------------+----------------------------+-----
Axes           | 3 4 5 6 7 9 11 13 15 | 15.9
Fighting       | |  3.6
Armour         | |  3.6
Shields        | |  3.6

Action                   |  1- 3 |  4- 6 |  7- 9 || total
-------------------------+-------+-------+-------++-------
Melee: War axe           |    56 |   188 |   272 ||   516
       Headbutt          |    11 |    38 |    61 ||   110
  Use: Potion            |       |     2 |    10 ||    12
       Scroll            |       |       |    17 ||    17
  Eat: Chunk             |       |     7 |    16 ||    23
       Fruit             |       |       |     2 ||     2
Armor: Scale mail        |    20 |    21 |       ||    41
       Plate armour      |       |    60 |   135 ||   195
Dodge: Dodged            |    11 |    28 |    56 ||    95
Block: Shield            |    23 |    61 |   101 ||   185
